[Event "ICC tourney 2263 (75 10)"]
[Site "Internet Chess Club"]
[Date "2021.01.03"]
[Round "5"]
[White "psenguttuvan"]
[Black "martinjames28"]
[Result "1-0"]
[ICCResult "Black resigns"]
[WhiteElo "1016"]
[BlackElo "1196"]
[Opening "Caro-Kann: exchange variation"]
[ECO "B13"]
[NIC "CK.02"]
[Time "14:31:42"]
[PlyCount "111"]
[TimeControl "4500+10"]

1. e4 c6 2. d4 d5 3. exd5 cxd5 4. Bf4 Nf6 5. Nc3 Bf5 6. Nf3 e6 7. a3 Bd6 8.
Bxd6 Qxd6 9. Nb5 Qd7 10. Ne5 Qe7 11. Qd2 O-O 12. Bd3 Bxd3 13. cxd3 Nc6 14.
O-O a6 15. Nxc6 bxc6 16. Nc3 Qc7 17. Na2 Rab8 18. Rac1 Rb6 19. Rc2 Rfb8 20.
Rfc1 Qb7 21. Nb4 Rc8 22. Na2 h6 23. b4 Rb8 24. a4 Qd7 25. a5 R6b7 26. Rxc6
Ra7 27. Qf4 Rbb7 28. Qd6 Qxd6 29. Rxd6 Rd7 30. Rb6 Rdb7 31. Rcc6 Rxb6 32.
axb6 Rb7 33. Nc3 Nd7 34. Na4 Rb8 35. Rd6 Nf6 36. Nc5 Ne8 37. Rc6 Kh7 38. b7
Nf6 39. Rc8 Nd7 40. Nxd7 Rxb7 41. Nc5 Rxb4 42. h3 Rxd4 43. Ra8 Rb4 44. Rxa6
Rb1+ 45. Kh2 Rc1 46. Nd7 Rc3 47. Ra7 Rxd3 48. Ne5 Rd2 49. Rxf7 Re2 50. Nf3
Rxf2 51. Ng5+ hxg5 52. Rxf2 e5 53. Re2 e4 54. Rd2 Kg6 55. Rxd5 Kf6 56. Kg3
{ Black resigns } 1-0

[Event "ICC tourney 2263 (75 10)"]
[Site "Internet Chess Club"]
[Date "2021.01.03"]
[Round "5"]
[White "MGrei"]
[Black "oxdidi"]
[Result "1-0"]
[ICCResult "Black checkmated"]
[WhiteElo "1149"]
[BlackElo "959"]
[Opening "Ruy Lopez: Archangelsk (counterthrust) variation"]
[ECO "C78"]
[NIC "RL.12"]
[Time "14:31:43"]
[PlyCount "55"]
[TimeControl "4500+10"]

1. e4 e5 2. Nf3 Nc6 3. Bb5 a6 4. Ba4 Nf6 5. O-O b5 6. Bb3 Bb7 7. Re1 Bc5 8.
c3 O-O 9. d4 exd4 10. cxd4 Bb4 11. Bd2 Ba5 12. Nc3 Bb6 13. Bg5 h6 14. Bh4
g5 15. Nxg5 hxg5 16. Bxg5 Bxd4 17. Nd5 Bxb2 18. Qf3 Nd4 19. Nxf6+ Kg7 20.
Qh5 Ne2+ 21. Rxe2 Bxf6 22. Qh6+ Kg8 23. Bxf6 Qxf6 24. Qxf6 Rae8 25. Re3
Rxe4 26. Qg5+ Kh7 27. Rh3+ Rh4 28. Rxh4# { Black checkmated } 1-0

[Event "ICC tourney 2263 (75 10)"]
[Site "Internet Chess Club"]
[Date "2021.01.03"]
[Round "5"]
[White "tinyattacker"]
[Black "Chai2006"]
[Result "1/2-1/2"]
[ICCResult "White stalemated"]
[WhiteElo "1216"]
[BlackElo "1159"]
[Opening "French: Winawer, advance, Bogolyubov variation"]
[ECO "C17"]
[NIC "FR.10"]
[Time "14:31:50"]
[PlyCount "160"]
[TimeControl "4500+10"]

1. e4 e6 2. d4 d5 3. Nc3 Bb4 4. e5 c5 5. Bd2 cxd4 6. Nb5 Bxd2+ 7. Qxd2 Nc6
8. Nd6+ Kf8 9. Qf4 Qc7 10. Nf3 Nh6 11. Ng5 Nf5 12. g4 h6 13. Nxc8 hxg5 14.
Qxg5 Rxc8 15. gxf5 Qxe5+ 16. Be2 exf5 17. f4 Qe4 18. Rg1 g6 19. h4 Re8 20.
Qg2 Qxg2 21. Rxg2 Rxh4 22. Rf2 Rh1+ 23. Rf1 Rxf1+ 24. Kxf1 Re4 25. Rc1
Rxf4+ 26. Kg1 Ne5 27. Rd1 Nc4 28. Rb1 Re4 29. Bd3 Re3 30. Kf2 f4 31. a3 g5
32. Rg1 Nxb2 33. Rxg5 Nxd3+ 34. cxd3 Rxd3 35. Rxd5 Rxa3 36. Rxd4 Ke7 37.
Rxf4 Ra2+ 38. Ke3 a5 39. Kd3 a4 40. Rb4 a3 41. Rxb7+ Ke6 42. Ra7 Ra1 43.
Kc3 a2 44. Kb2 Rb1+ 45. Kxa2 Rb6 46. Ra3 f5 47. Rb3 Rxb3 48. Kxb3 Ke5 49.
Kc3 Ke4 50. Kd2 f4 51. Ke2 f3+ 52. Kf2 Kf4 53. Kf1 Kg3 54. Kg1 Kf4 55. Kf2
Ke4 56. Kf1 Ke3 57. Ke1 Kf4 58. Kf2 Kg4 59. Kf1 Kg3 60. Kg1 Kg4 61. Kf2 Kf4
62. Kf1 Kg4 63. Kf2 Kf4 64. Kf1 Ke5 65. Kf2 Ke4 66. Kf1 Kd3 67. Kf2 Ke4 68.
Kf1 Ke3 69. Ke1 Kd3 70. Kf2 Ke4 71. Kf1 Ke5 72. Kf2 Kf4 73. Kf1 Kg4 74. Kf2
Kf4 75. Kf1 Kg3 76. Kg1 Kh3 77. Kf2 Kg4 78. Kf1 Kg3 79. Kg1 f2+ 80. Kf1 Kf3
{ White stalemated } 1/2-1/2

[Event "ICC tourney 2263 (75 10)"]
[Site "Internet Chess Club"]
[Date "2021.01.03"]
[Round "5"]
[White "prkukuku"]
[Black "sassymareese"]
[Result "1/2-1/2"]
[ICCResult "Black stalemated"]
[WhiteElo "1288"]
[BlackElo "1375"]
[Opening "Giuoco Pianissimo: Italian four knights variation"]
[ECO "C50"]
[NIC "IG.02"]
[Time "14:31:37"]
[PlyCount "137"]
[TimeControl "4500+10"]

1. e4 e5 2. Nf3 Nc6 3. Bc4 Bc5 4. d3 Nf6 5. Nc3 d6 6. h3 h6 7. Be3 Bb6 8.
Nd5 Bxe3 9. fxe3 O-O 10. O-O Be6 11. Nxf6+ Qxf6 12. Nd4 Qd8 13. Nxe6 fxe6
14. Bxe6+ Kh8 15. Qh5 Qg5 16. Qxg5 hxg5 17. Rf5 Rxf5 18. exf5 Nb4 19. e4
Nxc2 20. Rc1 Nb4 21. Rxc7 Nxd3 22. Rxb7 Nc5 23. Rb4 Nxe6 24. fxe6 Re8 25.
Rb7 a5 26. e7 Kg8 27. Rd7 Kf7 28. Rxd6 Rxe7 29. Ra6 Rb7 30. Rxa5 Rxb2 31.
Rxe5 Rxa2 32. Rxg5 Re2 33. Rg4 Kf6 34. Kf1 Ra2 35. Rg3 g5 36. Re3 Ke5 37.
Kg1 Kf4 38. Rf3+ Kxe4 39. Rf2 Rxf2 40. Kxf2 Kf4 41. g3+ Kf5 42. Kf3 g4+ 43.
hxg4+ Kg5 44. Kg2 Kxg4 45. Kf2 Kg5 46. Kf3 Kf5 47. g4+ Kg5 48. Kg3 Kg6 49.
Kf4 Kf6 50. Kg3 Kg5 51. Kh3 Kg6 52. Kh4 Kh6 53. g5+ Kg6 54. Kg4 Kg7 55. Kf5
Kf7 56. Kf4 Kg6 57. Kg4 Kg7 58. Kf5 Kf7 59. Ke5 Kg6 60. Kf4 Kg7 61. Kf5 Kf7
62. g6+ Kg7 63. Kg5 Kg8 64. Kf6 Kf8 65. Ke6 Kg7 66. Kf5 Kg8 67. Kf6 Kf8 68.
g7+ Kg8 69. Kg6 { Black stalemated } 1/2-1/2

[Event "ICC tourney 2263 (75 10)"]
[Site "Internet Chess Club"]
[Date "2021.01.03"]
[Round "5"]
[White "aaronfeng"]
[Black "Sax-Maniac"]
[Result "0-1"]
[ICCResult "White checkmated"]
[WhiteElo "993"]
[BlackElo "1027"]
[Opening "Sicilian: O'Kelly variation"]
[ECO "B28"]
[NIC "SI.43"]
[Time "14:31:45"]
[PlyCount "58"]
[TimeControl "4500+10"]

1. e4 c5 2. Nf3 a6 3. d4 cxd4 4. Nxd4 Nf6 5. Nc3 e6 6. Bg5 Be7 7. Be2 d5 8.
e5 Nfd7 9. Bxe7 Qxe7 10. f4 Qh4+ 11. g3 Qe7 12. Qd3 b5 13. a3 Nb6 14. O-O-O
Nc4 15. Ncxb5 axb5 16. Nxb5 O-O 17. Qb3 Na5 18. Qb4 Qd7 19. c4 Nbc6 20. Qc3
Ba6 21. cxd5 exd5 22. Kb1 Rab8 23. a4 Rfc8 24. Qf3 Nb4 25. Rc1 Qf5+ 26. Bd3
Nxd3 27. Rxc8+ Bxc8 28. Nd6 Rxb2+ 29. Ka1 Nb3# { White checkmated } 0-1

[Event "ICC tourney 2263 (75 10)"]
[Site "Internet Chess Club"]
[Date "2021.01.03"]
[Round "5"]
[White "charlestxie"]
[Black "goodgovernment"]
[Result "1-0"]
[ICCResult "Black resigns"]
[WhiteElo "1366"]
[BlackElo "1380"]
[Opening "Queen's gambit accepted"]
[ECO "D26"]
[NIC "QG.03"]
[Time "14:31:40"]
[PlyCount "51"]
[TimeControl "4500+10"]

1. d4 d5 2. c4 dxc4 3. e3 Nf6 4. Bxc4 e6 5. Nf3 Bd6 6. Nc3 O-O 7. O-O Nc6
8. e4 Bb4 9. e5 Bxc3 10. bxc3 Nd5 11. Qc2 h6 12. h4 Nce7 13. Bd3 Kh8 14. h5
Nf5 15. Bxf5 exf5 16. c4 Ne7 17. Bf4 f6 18. Rfe1 fxe5 19. Bxe5 Ng8 20. Bg3
Nf6 21. Ne5 Kh7 22. Bh4 Qxd4 23. Ng6 Re8 24. Bxf6 Rxe1+ 25. Rxe1 Qg4 26.
Re7 { Black resigns } 1-0

[Event "ICC tourney 2263 (75 10)"]
[Site "Internet Chess Club"]
[Date "2021.01.03"]
[Round "6"]
[White "kitook"]
[Black "adamdlevy"]
[Result "1-0"]
[ICCResult "Black checkmated"]
[WhiteElo "426"]
[BlackElo "909"]
[Opening "King's pawn game"]
[ECO "C50"]
[NIC "IG.03"]
[Time "18:06:32"]
[PlyCount "29"]
[TimeControl "4500+10"]

1. e4 e5 2. Nf3 Nc6 3. Bc4 h6 4. d4 exd4 5. Nxd4 Qe7 6. Nc3 Nf6 7. Nxc6
dxc6 8. Bd3 Bg4 9. f3 Bh5 10. Be3 b6 11. Qd2 O-O-O 12. O-O-O Qe6 13. Ba6+
Kb8 14. Qxd8+ Qc8 15. Qxc8# { Black checkmated } 1-0

[Event "ICC tourney 2263 (75 10)"]
[Site "Internet Chess Club"]
[Date "2021.01.03"]
[Round "6"]
[White "Chai2006"]
[Black "prkukuku"]
[Result "1-0"]
[ICCResult "Black checkmated"]
[WhiteElo "1159"]
[BlackElo "1288"]
[Opening "Petrov: Italian variation"]
[ECO "C42"]
[NIC "RG.01"]
[Time "18:07:07"]
[PlyCount "57"]
[TimeControl "4500+10"]

1. e4 e5 2. Nf3 Nf6 3. Bc4 Bc5 4. Nxe5 Qe7 5. d4 Bb6 6. O-O O-O 7. Bg5 d6
8. Bxf6 gxf6 9. Ng4 Qxe4 10. Nxf6+ Kh8 11. Nxe4 Rg8 12. Nf6 Rg6 13. Qf3
Bxd4 14. Re1 Bd7 15. Qxb7 Bh3 16. Re8+ Kg7 17. Rg8+ Kxf6 18. Rxg6+ fxg6 19.
gxh3 Kf5 20. Qxa8 Bxb2 21. Qxb8 Bxa1 22. Qxc7 Ke4 23. Qxd6 Bf6 24. Nd2+ Kf5
25. Be6+ Kg5 26. h4+ Kxh4 27. Nf3+ Kh5 28. h3 h6 29. Bg4# { Black
checkmated } 1-0

[Event "ICC tourney 2263 (75 10)"]
[Site "Internet Chess Club"]
[Date "2021.01.03"]
[Round "6"]
[White "Sax-Maniac"]
[Black "tinyattacker"]
[Result "0-1"]
[ICCResult "White resigns"]
[WhiteElo "1027"]
[BlackElo "1216"]
[Opening "Grünfeld with e3 & Bd3"]
[ECO "D94"]
[NIC "GI.09"]
[Time "18:06:37"]
[PlyCount "28"]
[TimeControl "4500+10"]

1. d4 Nf6 2. c4 g6 3. Nf3 Bg7 4. Nc3 d5 5. e3 O-O 6. Bd3 dxc4 7. Bxc4 Bf5
8. Bd3 Bxd3 9. Qxd3 c5 10. O-O cxd4 11. Qxd4 Nc6 12. Qc5 Rc8 13. Rd1 Ne4
14. Nxe4 Qxd1+ { White resigns } 0-1

[Event "ICC tourney 2263 (75 10)"]
[Site "Internet Chess Club"]
[Date "2021.01.03"]
[Round "6"]
[White "OS99"]
[Black "MarNira17"]
[Result "1-0"]
[ICCResult "Black resigns"]
[WhiteElo "870"]
[BlackElo "1303"]
[Opening "Ruy Lopez: Berlin defense, Beverwijk variation"]
[ECO "C64"]
[NIC "RL.01"]
[Time "18:06:16"]
[PlyCount "111"]
[TimeControl "4500+10"]

1. e4 e5 2. Nf3 Nc6 3. Bb5 Bc5 4. O-O Nf6 5. Nxe5 a6 6. Ba4 b5 7. Bb3 Nxe5
8. d4 Nxe4 9. Re1 f5 10. dxc5 Qf6 11. Qe2 d6 12. cxd6 cxd6 13. Bd5 Rb8 14.
Bxe4 fxe4 15. Qxe4 Kf7 16. Nc3 Bb7 17. Qf4 Rhe8 18. Qxf6+ Kxf6 19. Bd2 Kf7
20. Ne4 Bxe4 21. Rxe4 Kg8 22. Rae1 Rbc8 23. c3 Rf8 24. f4 Nd3 25. Rb1 Nc5
26. Rd4 Rcd8 27. b4 Ne6 28. Re4 Nc7 29. Be3 d5 30. Re7 Rde8 31. Rxe8 Nxe8
32. g3 Nf6 33. Bc5 Rc8 34. Re1 Ne4 35. Rc1 Nxc5 36. bxc5 Rxc5 37. Rd1 Kf7
38. Kf2 Ke6 39. Rd3 Kf5 40. Kf3 a5 41. g4+ Ke6 42. h4 b4 43. cxb4 axb4 44.
a3 Rc3 45. Rxc3 bxc3 46. Ke3 c2 47. Kd2 d4 48. Kxc2 Kd5 49. Kd3 g6 50. g5
Ke6 51. Kxd4 Kf5 52. Ke3 Kg4 53. a4 Kxh4 54. a5 Kg4 55. a6 h6 56. gxh6 {
Black resigns } 1-0

[Event "ICC tourney 2263 (75 10)"]
[Site "Internet Chess Club"]
[Date "2021.01.03"]
[Round "6"]
[White "martinjames28"]
[Black "cautiouscottage"]
[Result "1-0"]
[ICCResult "Black checkmated"]
[WhiteElo "1196"]
[BlackElo "1053"]
[Opening "QGD semi-Slav"]
[ECO "D43"]
[NIC "SL.03"]
[Time "18:06:17"]
[PlyCount "127"]
[TimeControl "4500+10"]

1. d4 d5 2. c4 c6 3. Nc3 Nf6 4. Nf3 e6 5. Bg5 Be7 6. e3 Nbd7 7. Bd3 dxc4 8.
Bxc4 b5 9. Bd3 Bb7 10. Qc2 O-O 11. O-O a6 12. Rac1 c5 13. Ne4 Nxe4 14. Bxe7
Qxe7 15. Bxe4 Bxe4 16. Qxe4 Nf6 17. Qd3 cxd4 18. Nxd4 Rfd8 19. Qe2 Qd6 20.
Rfd1 Qb6 21. h3 h6 22. Nf3 a5 23. Rxd8+ Rxd8 24. Rd1 b4 25. Rxd8+ Qxd8 26.
Qd2 Qxd2 27. Nxd2 Kf8 28. Nc4 a4 29. Nb6 Ke7 30. Nxa4 Kd6 31. Kf1 Kd5 32.
Ke2 Kc4 33. b3+ Kb5 34. Nb2 Nd5 35. Nd1 Kc6 36. Kd3 Kd6 37. e4 Nf4+ 38. Kc4
Ke5 39. Kxb4 Kxe4 40. a4 Nd5+ 41. Kc4 Nb6+ 42. Kb5 Na8 43. Kc6 Kd4 44. Kb7
Kc5 45. Kxa8 Kb4 46. Kb8 f5 47. Kc7 e5 48. Kd6 e4 49. Ke5 g6 50. Kf6 f4 51.
Kxg6 e3 52. fxe3 fxe3 53. Nxe3 h5 54. Kxh5 Kxb3 55. a5 Kc3 56. a6 Kd3 57.
a7 Kd4 58. a8=Q Ke5 59. Qd5+ Kf4 60. Qc4+ Kg3 61. Qg4+ Kf2 62. Kh4 Kg1 63.
Kg3 Kh1 64. Qd1# { Black checkmated } 1-0

[Event "ICC tourney 2263 (75 10)"]
[Site "Internet Chess Club"]
[Date "2021.01.03"]
[Round "6"]
[White "mooose"]
[Black "cappyal"]
[Result "1-0"]
[ICCResult "Black resigns"]
[WhiteElo "771"]
[BlackElo "624"]
[Opening "Three knights game"]
[ECO "C46"]
[NIC "KP.06"]
[Time "18:07:10"]
[PlyCount "127"]
[TimeControl "4500+10"]

1. e4 e5 2. Nf3 Nc6 3. Nc3 Bc5 4. Bb5 a6 5. Bxc6 dxc6 6. Nxe5 Qg5 7. d4
Qxg2 8. Rf1 Bd6 9. Bf4 Bxe5 10. Bxe5 Nf6 11. Bxc7 O-O 12. Qe2 Re8 13. O-O-O
Bg4 14. f3 Qxe2 15. Nxe2 Be6 16. Nf4 Rac8 17. Be5 Nd7 18. Nh5 Nxe5 19. dxe5
Bxa2 20. Rd7 Rxe5 21. Rfd1 h6 22. Nf4 Ree8 23. Rxb7 Rb8 24. Rc7 Rbc8 25.
Rcd7 Be6 26. Nxe6 Rxe6 27. Ra7 c5 28. Rdd7 Rf6 29. e5 Rxf3 30. e6 Rf8 31.
exf7+ R8xf7 32. Rxf7 Rxf7 33. Rxa6 Rc7 34. Ra8+ Kf7 35. Ra4 g5 36. h4 gxh4
37. Rxh4 Kg6 38. Rg4+ Kf5 39. Rh4 Kg5 40. Re4 h5 41. Rc4 h4 42. b4 h3 43.
Re4 h2 44. Re1 Kg4 45. Kd2 Kg3 46. b5 Kg2 47. b6 Rf7 48. Re2+ Kg3 49. Re3+
Kg4 50. Re4+ Kg5 51. Re5+ Kg6 52. Re6+ Kg7 53. Re1 Rf2+ 54. Kc3 Rf8 55. Rh1
Rh8 56. Kc4 Kg6 57. Kxc5 Kg5 58. Kc6 Kg4 59. b7 Kg3 60. Rd1 h1=Q+ 61. Rxh1
Rxh1 62. b8=Q+ Kg2 63. Qg8+ Kf1 64. Qf8+ { Black resigns } 1-0

[Event "ICC tourney 2263 (75 10)"]
[Site "Internet Chess Club"]
[Date "2021.01.03"]
[Round "6"]
[White "oxdidi"]
[Black "oecooke"]
[Result "0-1"]
[ICCResult "White resigns"]
[WhiteElo "959"]
[BlackElo "1022"]
[Opening "Sicilian defense"]
[ECO "B30"]
[NIC "SI.31"]
[Time "18:06:16"]
[PlyCount "117"]
[TimeControl "4500+10"]

1. e4 c5 2. Nf3 Nc6 3. Bc4 g6 4. O-O Bg7 5. Nc3 d6 6. d3 Nf6 7. Bg5 O-O 8.
Qd2 Ng4 9. h3 Nge5 10. Nxe5 Nxe5 11. Bb3 Bd7 12. Qe2 h6 13. Bf4 Nc6 14. Qd2
Nd4 15. Bxh6 Bxh3 16. Bxg7 Kxg7 17. Qe3 Bg4 18. Rfe1 Rh8 19. Qf4 Qd7 20.
Qxf7+ Kh6 21. Qf4+ g5 22. Qe3 Raf8 23. f3 Bxf3 24. gxf3 Nxf3+ 25. Kg2 Qg4+
26. Kf2 Nxe1+ 27. Kxe1 Qh4+ 28. Kd2 Rf2+ 29. Kc1 Rhf8 30. Nd1 Rf1 31. c3
R1f3 32. Qd2 Qh3 33. Bc4 Qg3 34. a3 Qf4 35. Qxf4 R8xf4 36. Kc2 Rf1 37. Kd2
g4 38. Rc1 g3 39. Ne3 Rxc1 40. Kxc1 Rf3 41. Kd2 g2 42. Nxg2 Rf2+ 43. Kc1
Rxg2 44. Bd5 b6 45. c4 Kg5 46. b4 Kf4 47. e5 Ra2 48. exd6 exd6 49. bxc5
bxc5 50. Be4 Ke3 51. Kb1 Rxa3 52. Kb2 Rxd3 53. Bxd3 Kxd3 54. Kb3 a5 55. Ka4
Kxc4 56. Kxa5 d5 57. Ka4 d4 58. Ka3 Kc3 59. Ka2 { White resigns } 0-1

[Event "ICC tourney 2263 (75 10)"]
[Site "Internet Chess Club"]
[Date "2021.01.03"]
[Round "6"]
[White "VirginiaGuy"]
[Black "psenguttuvan"]
[Result "1-0"]
[ICCResult "Black resigns"]
[WhiteElo "1298"]
[BlackElo "1016"]
[Opening "Queen's bishop game"]
[ECO "D02"]
[NIC "QP.06"]
[Time "18:06:18"]
[PlyCount "109"]
[TimeControl "4500+10"]

1. d4 Nf6 2. Nf3 d5 3. Bf4 Bf5 4. h3 Nc6 5. c3 e6 6. e3 a6 7. Nbd2 Bd6 8.
Ne5 Bxe5 9. dxe5 Ne4 10. Nxe4 Bxe4 11. Qg4 Bg6 12. Be2 Qd7 13. O-O O-O 14.
Rad1 Bf5 15. Qf3 Qe7 16. Bd3 Bxd3 17. Rxd3 f6 18. exf6 Qxf6 19. Qd1 e5 20.
Bg3 Ne7 21. Qb3 Rab8 22. Rdd1 c6 23. c4 b5 24. cxd5 cxd5 25. Qc3 Rbc8 26.
Qxe5 Qxe5 27. Bxe5 Rfd8 28. Rc1 Rc4 29. b3 Re4 30. Bc7 Rd7 31. Bb6 Nf5 32.
Rc8+ Kf7 33. Rd1 Re8 34. Rxe8 Kxe8 35. Rc1 d4 36. g4 Nh4 37. Rc8+ Kf7 38.
exd4 Nf3+ 39. Kf1 Nxd4 40. Rc7 Rxc7 41. Bxc7 Nc2 42. Ba5 Nd4 43. Bc3 Nf3
44. Kg2 Ng5 45. f4 Ne4 46. Bb4 Ke6 47. Kf3 Kd5 48. h4 Kd4 49. f5 Nc3 50.
Bxc3+ Kxc3 51. g5 Kd4 52. f6 gxf6 53. gxf6 Ke5 54. f7 Ke6 55. f8=Q { Black
resigns } 1-0

[Event "ICC tourney 2263 (75 10)"]
[Site "Internet Chess Club"]
[Date "2021.01.03"]
[Round "6"]
[White "aaronfeng"]
[Black "wanderingeigeas"]
[Result "0-1"]
[ICCResult "White checkmated"]
[WhiteElo "993"]
[BlackElo "1177"]
[Opening "French: advance variation"]
[ECO "C02"]
[NIC "FR.03"]
[Time "18:06:24"]
[PlyCount "82"]
[TimeControl "4500+10"]

1. e4 e6 2. d4 d5 3. e5 c5 4. c3 Qb6 5. Nf3 Nc6 6. Be2 Nh6 7. O-O Nf5 8.
dxc5 Bxc5 9. b4 Be7 10. Bf4 O-O 11. Nbd2 d4 12. Nc4 Qd8 13. b5 Na5 14. cxd4
Bd7 15. a4 Nxc4 16. Bxc4 Rc8 17. Rc1 Qb6 18. d5 Bc5 19. d6 f6 20. Qb3 Rfe8
21. Rcd1 Nd4 22. Nxd4 Bxd4 23. a5 Qc5 24. Rc1 fxe5 25. Bxe6+ Bxe6 26. d7
Bxb3 27. Rxc5 Bxc5 28. Rc1 exf4 29. dxc8=Q Rxc8 30. Rb1 Bc4 31. b6 axb6 32.
axb6 Bd3 33. Rd1 Bxb6 34. g3 Be2 35. Re1 f3 36. h4 Rd8 37. Ra1 Rd1+ 38.
Rxd1 Bxd1 39. g4 Bc7 40. Kf1 Be2+ 41. Ke1 Ba5# { White checkmated } 0-1

[Event "ICC tourney 2263 (75 10)"]
[Site "Internet Chess Club"]
[Date "2021.01.03"]
[Round "6"]
[White "sassymareese"]
[Black "charlestxie"]
[Result "0-1"]
[ICCResult "White forfeits on time"]
[WhiteElo "1375"]
[BlackElo "1366"]
[Opening "French: exchange variation"]
[ECO "C01"]
[NIC "FR.01"]
[Time "18:06:15"]
[PlyCount "84"]
[TimeControl "4500+10"]

1. e4 e6 2. d4 d5 3. exd5 exd5 4. c4 Nf6 5. Nc3 c6 6. Nf3 Bg4 7. Be2 dxc4
8. Bxc4 Bd6 9. Bg5 O-O 10. O-O Nbd7 11. Ne4 Be7 12. Nxf6+ Bxf6 13. Bxf6
Qxf6 14. Be2 Rad8 15. h3 Bxf3 16. Bxf3 Nb6 17. Re1 Rxd4 18. Qe2 h6 19. Rad1
Rfd8 20. Rxd4 Qxd4 21. Qe7 Qd7 22. Qe3 Qc7 23. Qe7 Qxe7 24. Rxe7 Rd7 25.
Re8+ Kh7 26. Kf1 Kg6 27. Be4+ Kf6 28. Bf3 Re7 29. Rb8 Nc4 30. g4 Nxb2 31.
Bxc6 bxc6 32. Rxb2 Kg5 33. Rb8 Rc7 34. Rg8 f6 35. Re8 Kh4 36. Re3 h5 37.
gxh5 Kxh5 38. Ke2 Kg5 39. Rg3+ Kf5 40. Kd3 c5 41. Kc4 Ke5 42. Rd3 Ke6 {
White forfeits on time } 0-1